 Dungeon Crawl Stone Soup version 0.21-a0-404-g291f19a (webtiles) character file.

17384 tof the Cleaver (level 12, -5/110 HPs)
             Began as a Minotaur Monk on Oct 29, 2017.
             Was a High Priest of Wu Jian.
             Slain by Slyspawn's ghost (10 damage)
             ... on level 12 of the Dungeon.
             The game lasted 00:54:25 (14276 turns).

tof the Cleaver (Minotaur Monk)                    Turns: 14276, Time: 00:54:26

Health: -5/110     AC: 15    Str: 21    XL:     12   Next: 18%
Magic:  0/3        EV: 11    Int:  7    God:    Wu Jian [*****.]
Gold:   659        SH:  0    Dex: 13    Spells: 11/11 levels left

rFire    . . .     SeeInvis .   f - +0 war axe (antimagic)
rCold    . . .     Gourm    .   (no shield)
rNeg     + . .     Faith    .   h - +1 plate armour of the Heron {MR+ Regen+}
rPois    .         Spirit   +   (helmet restricted)
rElec    .         Reflect  .   N - scarf {Spirit}
rCorr    +         Harm     .   (no gloves)
MR       +....                  (no boots)
Stlth    ..........             (no amulet)
HPRegen  0.68/turn              E - ring of resist corrosion
MPRegen  0.08/turn              p - ring of positive energy

@: no status effects
A: retaliatory headbutt, horns 2
a: Serpent's Lash, Heavenly Storm, Renounce Religion


You were on level 12 of the Dungeon.
You worshipped Wu Jian.
Wu Jian was extremely pleased with you.
You were not hungry.

You visited 3 branches of the dungeon, and saw 15 of its levels.
You also visited: Ossuary.

You collected 771 gold pieces.
You spent 112 gold pieces at shops.

Inventory:

Hand Weapons
 a - a +0 hand axe
 f - a +0 antimagic war axe (weapon)
 q - a +2 morningstar of protection
 K - a +4 hand axe
Missiles
 u - 11 tomahawks (quivered)
Armour
 h - the +1 plate armour of the Heron (worn) {MR+ Regen+}
   (You found it on level 6 of the Dungeon)

   It affects your resistance to hostile enchantments.
   It increases your rate of regeneration.
 N - a scarf of spirit shield (worn)
Jewellery
 p - a ring of positive energy (right hand)
 E - a ring of resist corrosion (left hand)
Wands
 s - a wand of polymorph (7/24)
Scrolls
 d - 7 scrolls of remove curse
 e - a scroll of fear
 g - 4 scrolls of teleportation
 m - 4 scrolls of amnesia
 o - 4 scrolls of recharging
 r - 3 scrolls of fog
 y - a scroll of acquirement {unknown}
 A - a scroll of enchant weapon
 D - 4 scrolls of blinking
 J - 2 scrolls of noise {unknown}
Potions
 j - 5 potions of brilliance {unknown}
 k - 5 potions of degeneration {unknown}
 n - 4 potions of might {unknown}
 w - a potion of invisibility {unknown}
 z - 3 potions of flight {unknown}
 B - 2 potions of lignification {unknown}
 C - 3 potions of curing {unknown}
 G - a potion of ambrosia {unknown}
 H - a potion of resistance {unknown}
 I - a potion of haste
 M - 2 potions of magic {unknown}
Books
 l - a book of Misfortune

   Spells                             Type                      Level
   a - Confusing Touch                Hexes                        1
   b - Confuse                        Hexes                        3
   c - Gell's Gravitas                Translocation                3
   d - Petrify                        Transmutation/Earth          4
   e - Metabolic Englaciation         Hexes/Ice                    5
   f - Yara's Violent Unravelling     Hexes/Transmutation          5
 t - Vehumet's Volume of Attacks
   (You found it on level 3 of the Dungeon)

   Spells                             Type                      Level
   a - Magic Dart                     Conjuration                  1
 x - a book of Necromancy

   Spells                             Type                      Level
   a - Pain                           Necromancy                   1
   b - Animate Skeleton               Necromancy                   1
   c - Vampiric Draining              Necromancy                   3
   d - Regeneration                   Charms/Necromancy            3
   e - Animate Dead                   Necromancy                   4
   f - Control Undead                 Necromancy                   4
 P - Sif Muna's Volume of Blows and Bruises and Dislocation
   (You found it on level 9 of the Dungeon)

   Spells                             Type                      Level
   a - Shroud of Golubria             Charms/Translocation         2
   b - Searing Ray                    Conjuration                  2
   c - Mephitic Cloud                 Conjuration/Poison/Air       3
   d - Force Lance                    Conjuration/Translocation    4
   e - Conjure Ball Lightning         Conjuration/Air              6
Comestibles
 b - 5 royal jellies
 c - 6 bread rations
 i - 4 meat rations
 v - 23 fruits


   Skills:
 + Level 11.1 Fighting
 * Level 14.6 Axes
 - Level 3.7 Throwing
 + Level 10.5 Armour
 + Level 10.3 Dodging
 - Level 1.5 Stealth


You had 11 spell levels left.
You didn't know any spells.

Dungeon Overview and Level Annotations

Branches:
Dungeon (12/15)            Temple (1/1) D:7            Lair (2/6) D:11
  Snake (0/4) Lair:2          Orc (0/2) D:9
  Swamp: Lair:2-4    Shoals: Lair:2-4

Altars:
Ashenzari
Cheibriados
Dithmenos
Elyvilon
Gozag
Hepliaklqana
Kikubaaqudgha
Makhleb
Nemelex Xobeh
Okawaru
Qazlal
Ru
Sif Muna
Trog
Vehumet
Wu Jian
Xom
Yredelemnul
Zin
The Shining One

Shops:
D:11 *

Annotations:
D:3 Klosterheim's ghost, amateur FoAK
D:12 Slyspawn's ghost, journeyman DDBe; dainius's ghost, journeyman MiBe


Innate Abilities, Weirdness & Mutations

You reflexively headbutt those who attack you in melee.
You have a pair of horns on your head.


Message History

Your plate armour of the Heron prevents you from hitting Slyspawn's ghost.
Slyspawn's ghost is almost destroyed.
You barely miss Slyspawn's ghost.
You headbutt Slyspawn's ghost, but do no damage.
Slyspawn's ghost is almost destroyed.
Slyspawn's ghost closely misses you. You furiously retaliate!
You headbutt Slyspawn's ghost.
You hit Slyspawn's ghost but do no damage.
Your headbutt misses Slyspawn's ghost.
Slyspawn's ghost is almost destroyed.
Slyspawn's ghost hits you!
* * * LOW HITPOINT WARNING * * *
You closely miss Slyspawn's ghost. Your headbutt misses Slyspawn's ghost.
Slyspawn's ghost is almost destroyed.
Slyspawn's ghost hits you!
* * * LOW HITPOINT WARNING * * *
Okay, then.
There is a stone staircase leading up here.
Slyspawn's ghost hits you!
You die...

#.#.#..###......#
....(..#
###..(#..# #
...#.#.# ###.
#..(...# .....
#..(...#
#...###.#...#
#.........#
#.....@W###
#..#...##
##...... ##..#...
#..###... #..
#... #..# #...
... #...


You could see Slyspawn's ghost.

Vanquished Creatures
  Erolcha (D:9)
  5 two-headed ogres
  Erica (D:8)
  The ghost of darxusza the Infuser, a novice DrSk of Okawaru (D:9)
  A spiny frog (Lair:2)
  A komodo dragon (Lair:2)
  3 centaur skeletons (D:11)
  A rime drake (Lair:1)
  A tengu conjurer (D:11)
  A troll (D:9)
  Grinder (D:6)
  A hippogriff (D:9)
  A wraith (D:11)
  A wyvern (D:9)
  7 yaks
  Eustachio (D:6)
  A hungry ghost (D:8)
  3 nagas (Lair:2)
  7 water moccasins
  2 sky beasts
  3 orc warriors
  2 ice beasts (D:8)
  2 phantoms (D:9)
  3 black bears
  An eye of draining (D:12)
  7 ogres
  13 centaurs
  3 wolves (Lair:2)
  3 crocodiles
  2 big kobolds
  8 bullfrogs
  4 scorpions
  9 killer bees
  A troll zombie (D:9)
  7 howler monkeys
  12 wights
  3 centaur zombies (Ossuary)
  4 crimson imps
  4 jellies
  A bullfrog zombie (D:5)
  6 hounds
  3 gnoll shamans (D:8)
  7 orc priests
  Crazy Yiuf (D:5)
  A bullfrog skeleton (D:8)
  5 orc wizards
  An iguana (D:5)
  Natasha (D:2)
  6 worker ants
  9 ogre zombies
  A big kobold zombie (Ossuary)
  2 hound zombies
  A hound skeleton (D:4)
  Robin (D:2)
  A worker ant zombie (D:11)
  8 mummies
  7 gnolls (D:8)
  A howler monkey skeleton (D:5)
  16 adders
  4 shadow imps
  An ooze (D:2)
  An adder skeleton (D:5)
  4 adder zombies
  3 worms
  3 dart slugs
  A leopard gecko (D:3)
  25 orcs
  5 giant cockroaches
  2 gnoll zombies (Ossuary)
  8 goblins
  11 hobgoblins
  5 jackals
  4 quokkas
  3 ball pythons
  3 bats
  3 frilled lizards
  A giant cockroach zombie (D:6)
  5 goblin zombies
  2 hobgoblin skeletons (D:9)
  9 hobgoblin zombies
  9 kobolds
  4 kobold zombies (Ossuary)
  3 orc skeletons (D:9)
  17 orc zombies
  2 quokka skeletons
  3 quokka zombies (Ossuary)
  9 rats
  3 rat zombies (Ossuary)
  A plant (D:8)
365 creatures vanquished.

Vanquished Creatures (others)
  A fungus (D:8)
  3 plants (D:8)
4 creatures vanquished.

Grand Total: 369 creatures vanquished

Notes
Turn   | Place    | Note
-------+----------+-------------------------------------------
     0 | D:1      | tof the Minotaur Monk began the quest for the Orb.
     0 | D:1      | Reached XP level 1. HP: 19/19 MP: 0/0
   173 | D:1      | Reached XP level 2. HP: 27/27 MP: 1/1
   181 | D:1      | Reached skill level 4 in Axes
   441 | D:1      | Reached skill level 1 in Armour
  1056 | D:2      | Noticed Robin
  1114 | D:2      | Reached XP level 3. HP: 31/33 MP: 2/2
  1126 | D:2      | Killed Robin
  1465 | D:2      | Reached XP level 4. HP: 40/40 MP: 3/3
  1734 | D:2      | Noticed Natasha
  1738 | D:2      | Killed Natasha
  1997 | D:3      | Reached skill level 5 in Axes
  2057 | D:3      | Found an ancient bone altar of Kikubaaqudgha.
  2058 | D:3      | Found a deep blue altar of Sif Muna.
  2059 | D:3      | Noticed Klosterheim's ghost (amateur FoAK)
  2064 | D:3      | Found a radiant altar of Vehumet.
  2816 | D:3      | Identified Vehumet's Volume of Attacks
  3146 | D:4      | Reached XP level 5. HP: 40/47 MP: 4/4
  3209 | D:4      | Found a hazy altar of Hepliaklqana.
  3212 | D:4      | Found an iron altar of Okawaru.
  3212 | D:4      | Found an opulent altar of Gozag.
  3219 | D:4      | Found a shattered altar of Ashenzari.
  3219 | D:4      | Found a shadowy altar of Dithmenos.
  3469 | D:4      | Noticed an ogre
  3475 | D:4      | Killed an ogre
  3475 | D:4      | Reached skill level 5 in Fighting
  3475 | D:4      | Reached skill level 6 in Axes
  3475 | D:4      | Reached XP level 6. HP: 56/56 MP: 5/5
  3637 | D:5      | Entered Level 5 of the Dungeon
  3725 | D:5      | Noticed a sky beast
  3732 | D:5      | Killed a sky beast
  3785 | D:5      | Reached XP level 7. HP: 58/61 MP: 6/6
  3954 | D:5      | Reached skill level 5 in Dodging
  4124 | D:5      | Found a runed door.
  4128 | D:5      | Noticed Crazy Yiuf
  4134 | D:5      | Killed Crazy Yiuf
  4462 | D:5      | Reached skill level 7 in Axes
  4592 | D:6      | Noticed Grinder
  5227 | D:6      | Noticed Eustachio
  5252 | D:6      | Reached XP level 8. HP: 29/70 MP: 7/7
  5256 | D:6      | Killed Eustachio
  5256 | D:6      | Reached skill level 8 in Axes
  5496 | D:6      | Reached skill level 5 in Armour
  5615 | D:6      | Got a crude plate armour
  5631 | D:5      | Identified the +1 plate armour of the Heron {MR+ Regen+} (You found it on level 6 of the Dungeon)
  5645 | D:6      | Killed Grinder
  6015 | D:6      | Found a burning altar of Makhleb.
  6085 | D:7      | Found a staircase to the Ecumenical Temple.
  6117 | D:7      | Reached skill level 9 in Axes
  6137 | Temple   | Entered the Ecumenical Temple
  6169 | Temple   | Became a worshipper of the Wu Jian Council
  6169 | Temple   | Reached * piety under Wu Jian
  6169 | Temple   | Reached ** piety under Wu Jian
  6391 | D:7      | Found a white marble altar of Elyvilon.
  6437 | D:7      | Reached XP level 9. HP: 58/79 MP: 8/8
  6675 | D:7      | Found a basalt altar of Yredelemnul.
  6800 | D:7      | Found a sacrificial altar of Ru.
  6824 | D:7      | Reached skill level 10 in Axes
  6935 | D:8      | Noticed Erica
  6947 | D:8      | Killed Erica
  7024 | D:8      | Found a sand-covered staircase.
  7034 | Ossuary  | Entered an ossuary
  7172 | Ossuary  | Reached *** piety under Wu Jian
  7299 | Ossuary  | Reached skill level 11 in Axes
  7709 | D:8      | Reached XP level 10. HP: 90/90 MP: 9/9
  7857 | D:8      | Noticed a two-headed ogre
  7885 | D:8      | Killed a two-headed ogre
  7943 | D:8      | Reached **** piety under Wu Jian
  8194 | D:8      | Noticed a two-headed ogre
  8203 | D:8      | Killed a two-headed ogre
  8203 | D:8      | Reached skill level 12 in Axes
  8669 | D:8      | HP: 4/91 [gnoll/spear (6)]
  8862 | D:8      | Reached skill level 1 in Throwing
  9230 | D:9      | Noticed darxusza's ghost (novice DrSk)
  9461 | D:9      | Identified Sif Muna's Volume of Blows and Bruises and Dislocation
  9475 | D:9      | Found a staircase to the Orcish Mines.
  9787 | D:9      | Reached ***** piety under Wu Jian
  9810 | D:9      | Noticed a two-headed ogre
  9817 | D:9      | Killed a two-headed ogre
  9817 | D:9      | Reached XP level 11. HP: 89/99 MP: 8/10
 10144 | D:9      | Killed darxusza's ghost
 10144 | D:9      | Reached skill level 13 in Axes
 10231 | D:9      | Noticed Erolcha
 10432 | D:9      | Killed Erolcha
 10490 | D:9      | Reached skill level 10 in Fighting
 10633 | D:9      | Found a glowing silver altar of Zin.
 10748 | D:10     | Entered Level 10 of the Dungeon
 11123 | D:10     | Noticed a two-headed ogre
 11139 | D:10     | Killed a two-headed ogre
 11904 | D:11     | Noticed a two-headed ogre
 11917 | D:11     | Killed a two-headed ogre
 12025 | D:11     | Reached skill level 14 in Axes
 12025 | D:11     | Reached skill level 10 in Armour
 12098 | D:11     | Found Loham's Assorted Antiques.
 12106 | D:11     | Bought a scroll of identify for 56 gold pieces
 12106 | D:11     | Bought a scroll of identify for 56 gold pieces
 12456 | D:11     | Found a staircase to the Lair.
 12461 | Lair:1   | Entered Level 1 of the Lair of Beasts
 12484 | Lair:1   | Reached skill level 10 in Dodging
 12522 | Lair:1   | Noticed a six-headed hydra
 12538 | Lair:1   | You fall through a shaft!
 12655 | Lair:2   | Found a staircase to the Snake Pit.
 12769 | Lair:2   | Reached XP level 12. HP: 39/108 MP: 6/11
 13726 | Lair:1   | Noticed a five-headed hydra
 13959 | D:12     | Noticed dainius's ghost (journeyman MiBe)
 14017 | D:12     | Noticed Slyspawn's ghost (journeyman DDBe)
 14274 | D:12     | HP: 4/110 [Slyspawn's ghost (15)]
 14276 | D:12     | Slain by Slyspawn's ghost

Vault maps used:
D:1:      minmay_arrival_glassed_features, hangedman_feature_mirror,
          minmay_tetromino_t2
D:2:      uniq_robin, uniq_natasha
D:3:      grunt_temple_overflow_magic_moments
D:4:      grunt_temple_overflow_open, minmay_tree_intersection,
          minmay_misc_feat_square, amethyst_killhole
D:5:      black_bear_nest_2, first_bread, uniq_crazy_yiuf_cottage
D:6:      makhleb_grotto_becter, uniq_grinder, uniq_eustachio
D:7:      kennysheep_ying_yang, kennysheep_mini,
          minmay_temple_entry_enclosed_plants
D:8:      kennysheep_seaside_town, nicolae_ossuary_entry_giza, uniq_erica
D:9:      zin_treasury, zombieorc2_lemuel, uniq_erolcha
D:11:     lair_entry_dummy, serial_shops, shop, grunt_tengu_nest
Temple:   compressed_dpeg_triangle_lava_temple
Lair:2:   minmay_snake_entry_guardpost_small, lemuel_fruit_fields
Ossuary:  ossuary_boxes_badplayer

Skill      XL: |  1  2  3  4  5  6  7  8  9 10 11 12 |
---------------+-------------------------------------+-----
Axes           | 4 5 6 7 9 11 12 14 | 14.6
Armour         | 1 2 3 4 6 7 9 10 | 10.5
Fighting       | 4 5 6 7 8 9 10 11 | 11.1
Dodging        | 4 5 6 7 9 10 | 10.3
Throwing       | 2 3 |  3.7
Stealth        | |  1.5

Action                   |  1- 3 |  4- 6 |  7- 9 | 10-12 || total
-------------------------+-------+-------+-------+-------++-------
Melee: Hand axe          |    73 |    36 |    13 |   722 ||   844
       Headbutt          |    15 |    32 |    58 |   188 ||   293
       Morningstar       |       |    75 |   313 |       ||   388
       War axe           |       |       |       |    93 ||    93
Throw: Javelin           |       |    12 |    14 |    46 ||    72
       Tomahawk          |       |       |     4 |    36 ||    40
Invok: Serpent's Lash    |       |       |       |     1 ||     1
  Use: Scroll            |       |       |    10 |     6 ||    16
       Potion            |       |       |     1 |     5 ||     6
 Stab: Sleeping          |     3 |     5 |       |       ||     8
  Eat: Chunk             |     1 |     4 |     6 |    12 ||    23
       Bread ration      |       |     1 |     2 |     2 ||     5
       Royal jelly       |       |       |       |     1 ||     1
Armor: Ring mail         |    16 |    50 |    60 |       ||   126
       Robe              |     3 |       |       |       ||     3
       Plate armour      |       |       |   151 |   291 ||   442
Dodge: Dodged            |    49 |    65 |   218 |   226 ||   558

Table legend:
 A = Spawn XP
 B = Non-spawn XP
 C = Spawn XP percentage of total XP
 D = Spawn monster count
 E = Non-spawn monster count
 F = Spawn count percentage of total count
 G = Total turns spent on level
                    A         B        C        D         E        F      G
               +---------+---------+-------+---------+---------+-------+---------
         Total |       0 |   24835 |   0.0 |       0 |     364 |   0.0 | 14276
               +---------+---------+-------+---------+---------+-------+---------
           D:1 |       0 |      32 |   0.0 |       0 |      19 |   0.0 |   963
           D:2 |       0 |     112 |   0.0 |       0 |      25 |   0.0 |  1111
           D:3 |       0 |      40 |   0.0 |       0 |      14 |   0.0 |  1024
           D:4 |       0 |     330 |   0.0 |       0 |      22 |   0.0 |   539
           D:5 |       0 |     507 |   0.0 |       0 |      13 |   0.0 |  1008
           D:6 |       0 |    1060 |   0.0 |       0 |      19 |   0.0 |  1438
           D:7 |       0 |    1550 |   0.0 |       0 |      28 |   0.0 |   892
           D:8 |       0 |    5595 |   0.0 |       0 |      55 |   0.0 |  2100
           D:9 |       0 |    4321 |   0.0 |       0 |      52 |   0.0 |  1203
          D:10 |       0 |    2447 |   0.0 |       0 |      21 |   0.0 |   940
          D:11 |       0 |    4050 |   0.0 |       0 |      31 |   0.0 |  1083
          D:12 |       0 |     241 |   0.0 |       0 |       3 |   0.0 |   214
        Lair:1 |       0 |    1113 |   0.0 |       0 |       7 |   0.0 |   290
        Lair:2 |       0 |    3059 |   0.0 |       0 |      18 |   0.0 |  1001
       Ossuary |       0 |     378 |   0.0 |       0 |      37 |   0.0 |   422
               +---------+---------+-------+---------+---------+-------+---------
